 Dungeon Crawl Stone Soup version 0.18-a0-1041-gbe91bf5 (webtiles) character file.

82642 THICKCHOCOELFTHIGHS the Warrior (level 15, -2/198 HPs)
             Began as an Ogre Fighter on Jan 10, 2016.
             Was the Champion of Qazlal.
             Slain by an eight-headed hydra (5 damage)
             ... on level 8 of the Lair of Beasts.
             The game lasted 01:58:09 (28392 turns).

THICKCHOCOELFTHIGHS the Warrior (Ogre Fighter)     Turns: 28392, Time: 01:58:10

Health: -2/198     AC:  9    Str: 30    XL:     15   Next: 74%
Magic:  22/22      EV:  1    Int:  7    God:    Qazlal [******]
Gold:   26         SH:  0    Dex: 13    Spells: 0 memorised, 14 levels left

rFire  . . .     SeeInvis .     Q - +0 morningstar (venom)
rCold  + . .     Gourm    .     F - +0 troll leather armour
rNeg   + + +     Faith    .     K - +0 shield {rPois}
rPois  ∞         Spirit   .     B - +0 hat {MR+}
rElec  +         Dismiss  .     o - +0 cloak
rCorr  .         Reflect  .     (gloves unavailable)
SustAt .         Harm     .     (boots unavailable)
MR     +++..                    A - amulet of Vitality {Regen+ HP+15}
Stlth  +.........               v - ring "Cyveddeq" {rElec rPois rC+ Dex+4}
                                M - ring of protection from magic

@: petrified, protected from physical damage, repel missiles, extremely
resistant to hostile enchantments, very unstealthy
A: unfitting armour, tough skin 1
a: Upheaval, Elemental Force, Disaster Area, Renounce Religion


You were on level 8 of the Lair of Beasts.
You worshipped Qazlal.
Qazlal was exalted by your worship.
You were not hungry.

You visited 4 branches of the dungeon, and saw 25 of its levels.
You also visited: Ice Cave.

You collected 1869 gold pieces.
You spent 1843 gold pieces at shops.

Inventory:

Hand Weapons
 d - a +8 whip of flaming
 N - a +2 whip of electrocution
 Q - a +0 morningstar of venom (weapon)
Armour
 c - a +1 shield
 o - a +0 cloak (worn)
 B - a +0 hat of magic resistance (worn)
 F - a +0 troll leather armour (worn)
 I - a +2 robe of magic resistance
 K - a +0 shield of poison resistance (worn)
 P - a +0 robe of positive energy
 W - a +1 robe of cold resistance
Rods
 l - a +0 rod of shadows (13/13)
   (You found it on level 1 of the Lair of Beasts)
Jewellery
 v - the ring "Cyveddeq" (right hand) {rElec rPois rC+ Dex+4}
   (You bought it in a shop on level 2 of the Orcish Mines)

   [ring of protection from cold]

   It affects your dexterity (+4).
   It protects you from cold.
   It insulates you from electricity.
   It protects you from poison.
 x - an uncursed ring of teleportation
 A - the amulet of Vitality (around neck) {Regen+ HP+15}
   (You found it on level 6 of the Dungeon)

   [amulet of regeneration]

   It affects your health (+15).
   It increases your rate of regeneration.
 M - a ring of protection from magic (left hand)
Wands
 b - a wand of polymorph (14/24)
 u - a wand of disintegration (0/24)
 y - a wand of disintegration (15/24)
 z - a wand of draining (11/15)
 C - a wand of fireball (7/15)
 D - a wand of confusion (21/48)
 G - a wand of heal wounds (5/9)
 X - a wand of disintegration (14/24)
 Y - a wand of disintegration (15/24)
Scrolls
 a - 2 scrolls of magic mapping
 j - 2 scrolls of enchant armour
 m - a scroll of blinking
 n - 2 scrolls of immolation
 p - 14 scrolls of remove curse
 s - 2 scrolls of fear
 t - 2 scrolls of summoning
 w - a scroll of identify
 E - 3 scrolls of fog
 J - 3 scrolls of recharging
 R - 4 scrolls of amnesia
 T - a scroll of holy word
 U - 3 scrolls of teleportation
Potions
 e - a potion of invisibility
 g - 7 potions of flight
 i - 2 potions of cure mutation
 k - 2 potions of might
 L - 2 potions of brilliance
 S - 2 potions of resistance
 Z - a potion of curing
Miscellaneous
 O - a phantom mirror
Comestibles
 f - 11 bread rations
 h - 7 fruits
 q - 9 meat rations
 r - 2 slices of pizza
 H - 5 beef jerkies
 V - 13 chunks of flesh


   Skills:
 + Level 20.2 Fighting
 - Level 16.2 Maces & Flails
 + Level 8.3 Dodging
 + Level 10.8 Shields
 - Level 10.0 Invocations
 + Level 5.5 Evocations


You had 14 spell levels left.
You didn't know any spells.

Dungeon Overview and Level Annotations

Branches:
Dungeon (14/15)            Temple (1/1) D:5            Lair (8/8) D:9
 Shoals (0/4) Lair:5        Snake (0/4) Lair:3          Orc (2/2) D:11
    Elf (0/3) Orc:2
  Slime: Lair:6-8    Vaults: D:13-14

Altars:
Ashenzari
Dithmenos
Elyvilon
Fedhas
Gozag
Kikubaaqudgha
Makhleb
Nemelex Xobeh
Pakellas
Qazlal
Ru
Sif Muna
Trog
Vehumet
Xom
Yredelemnul
Zin
The Shining One

Shops:
D:4 *   Orc:2 (*=?


Innate Abilities, Weirdness & Mutations

You are too large for most types of armour.
You have tough skin (AC +1).


Message History

You feel more protected from physical attacks.
The eight-headed hydra bites you.
* * * LOW HITPOINT WARNING * * *
You feel more protected from physical attacks.
The catoblepas breathes a plume of calcifying dust at you.
The blast of calcifying dust hits you!
* * * LOW HITPOINT WARNING * * *
You are engulfed in calcifying dust.
The eight-headed hydra bites you but does no damage.
The eight-headed hydra bites you!
* * * LOW HITPOINT WARNING * * *
The eight-headed hydra barely misses you.
The eight-headed hydra bites you.
* * * LOW HITPOINT WARNING * * *
You feel more protected from physical attacks.
The eight-headed hydra bites you!
* * * LOW HITPOINT WARNING * * *
You feel more protected from physical attacks.
The eight-headed hydra bites you!
You die...

###........# . #.........#####
... .#P........##..# ####....
#.P........#....#.#......
....§.§..................
..P#§§≈.........§........
.P.P...P........§.§......
..PP..........§.§DF....#
...P....§.......@#§.P..##
..≈≈..........§§YY§.....##
..§≈...........§.§Y.P....###
..§≈≈......##..............##
............#.......T.....P.####
..PP.......................÷....
.P:.P........................##
.P................##.♣.....###
..P.....P.........###.÷...##


You could see 2 death yaks, a catoblepas, an eight-headed hydra, a deep troll
shaman and a spiny frog.

Vanquished Creatures
  Rupert (Orc:2)
  Gastronok (Lair:3)
  Maud (D:13)
  An orc warlord (Orc:2)
  Nessos (Lair:5)
  A white draconian (IceCv)
  Snorg (Lair:3)
  Fannar (Lair:2)
  10 hydras
  A catoblepas (Lair:8)
  2 centaur warriors (D:13)
  Urug (Lair:4)
  12 death yaks
  A fire crab (Lair:4)
  2 hill giants (D:10)
  Pikel (D:7)
  2 orc knights (Orc:2)
  A cyclops (D:12)
  4 griffons
  An orc sorcerer (Orc:2)
  16 elephants
  A wolf spider (Lair:6)
  A siren (Lair:5)
  5 black mambas
  An ice statue (IceCv)
  3 centaur zombies
  6 spiny frogs
  A gargoyle (D:11)
  A kobold demonologist (D:13)
  5 komodo dragons
  3 fire drakes (Lair:5)
  6 trolls
  13 polar bears
  A two-headed ogre (Orc:2)
  21 blink frogs
  6 slime creatures (D:13)
  2 wyverns
  A wraith (D:13)
  Eustachio (D:4)
  34 yaks
  2 hungry ghosts
  10 hippogriffs
  3 basilisks
  2 mottled dragons (D:11)
  Menkaure (D:7)
  9 wargs
  30 wolves
  3 nagas (Lair:3)
  6 swamp worms (Lair:2)
  23 water moccasins
  Duvessa (D:7)
  8 porcupines
  30 orc warriors
  An ice beast (D:9)
  4 sky beasts
  2 slaves (D:7)
  3 phantoms
  5 black bears
  An eye of draining (D:13)
  A necrophage (D:10)
  7 ogres
  15 centaurs
  18 crocodiles
  4 big kobolds
  Blork the orc (D:5)
  23 giant frogs
  Dowan (D:7)
  4 scorpions
  5 killer bees (D:7)
  2 electric eels (Lair:8)
  6 jellies
  2 crimson imps
  3 hounds
  2 centaur skeletons
  A giant frog skeleton (D:6)
  11 orc wizards
  11 orc priests
  A gnoll shaman (Orc:1)
  13 iguanas
  6 hell rats (Lair:5)
  11 worker ants
  13 sheep
  A hound zombie (D:6)
  A hound skeleton (D:5)
  A worker ant zombie (D:10)
  25 adders
  6 gnolls
  30 river rats
  2 shadow imps (D:5)
  12 white imps (Lair:1)
  An ooze (D:4)
  14 worms
  3 adder skeletons
  An adder zombie (D:7)
  59 orcs
  3 giant cockroaches
  7 goblins
  8 hobgoblins
  10 jackals
  5 quokkas
  18 bats
  A giant gecko skeleton (D:6)
  5 giant newts
  A jackal zombie (D:6)
  30 kobolds
  A quokka skeleton (D:7)
  A quokka zombie (D:7)
  12 rats
  2 bushes
  47 fungi
  49 plants
835 creatures vanquished.

Vanquished Creatures (others)
  A slave (D:7)
  A crimson imp (D:7)
  3 river rats (Lair:8)
  20 fungi
  18 plants
43 creatures vanquished.

Grand Total: 878 creatures vanquished

Notes
Turn   | Place    | Note
--------------------------------------------------------------
     0 | D:1      | THICKCHOCOELFTHIGHS the Ogre Fighter began the quest for the Orb.
     0 | D:1      | Reached XP level 1. HP: 24/24 MP: 1/1
   253 | D:1      | Reached XP level 2. HP: 25/33 MP: 2/2
   744 | D:2      | Reached XP level 3. HP: 30/40 MP: 3/3
   853 | D:2      | Found a shadowy altar of Dithmenos.
  1505 | D:3      | Reached skill level 5 in Fighting
  1661 | D:3      | Reached XP level 4. HP: 50/50 MP: 4/4
  2448 | D:4      | Reached XP level 5. HP: 30/57 MP: 5/5
  2860 | D:4      | Found Paotalif's Elemental Accessories.
  2953 | D:4      | Noticed an ogre
  2965 | D:4      | Killed an ogre
  2965 | D:4      | Reached skill level 6 in Fighting
  2965 | D:4      | Reached skill level 5 in Maces & Flails
  2965 | D:4      | Reached XP level 6. HP: 57/67 MP: 6/6
  2990 | D:4      | Noticed Eustachio
  3004 | D:4      | Killed Eustachio
  3113 | D:5      | Entered Level 5 of the Dungeon
  3136 | D:5      | Reached XP level 7. HP: 76/76 MP: 7/7
  3161 | D:5      | Reached skill level 7 in Fighting
  3475 | D:5      | Found a staircase to the Ecumenical Temple.
  3482 | Temple   | Entered the Ecumenical Temple
  3528 | Temple   | Became a worshipper of Qazlal Stormbringer
  3729 | D:5      | Reached skill level 5 in Shields
  4218 | D:5      | Noticed Blork the orc
  4271 | D:5      | Killed Blork the orc
  4271 | D:5      | Reached XP level 8. HP: 71/88 MP: 8/8
  4416 | D:5      | Reached skill level 8 in Fighting
  4824 | D:6      | Found a deep blue altar of Sif Muna.
  5817 | D:6      | Noticed a yak
  5818 | D:6      | Noticed a yak
  5840 | D:6      | Noticed a yak
  5841 | D:6      | Killed a yak
  5841 | D:6      | Reached skill level 9 in Fighting
  5843 | D:6      | Noticed a yak
  5845 | D:6      | Noticed a yak
  5849 | D:6      | Killed a yak
  5849 | D:6      | Reached XP level 9. HP: 57/98 MP: 9/9
  5864 | D:5      | Reached * piety under Qazlal
  6513 | D:6      | Reached skill level 10 in Fighting
  6555 | D:6      | Found a sacrificial altar of Ru.
  6832 | D:6      | Found a blossoming altar of Fedhas.
  6832 | D:6      | Found a deep blue altar of Sif Muna.
  6832 | D:6      | Found a white marble altar of Elyvilon.
  6832 | D:6      | Found a shimmering altar of Xom.
  6833 | D:6      | Found a shattered altar of Ashenzari.
  6834 | D:6      | Found a glowing golden altar of the Shining One.
  7082 | D:7      | Reached skill level 10 in Maces & Flails
  7155 | D:7      | Noticed Dowan
  7419 | D:7      | Noticed Duvessa
  7428 | D:7      | Killed Duvessa
  7537 | D:7      | Noticed Menkaure
  7541 | D:7      | Killed Menkaure
  7711 | D:7      | Noticed Pikel
  7818 | D:7      | Killed Pikel
  7818 | D:7      | Reached skill level 11 in Fighting
  7818 | D:7      | Reached XP level 10. HP: 114/114 MP: 10/10
  8009 | D:7      | Killed Dowan
  8710 | D:8      | Reached ** piety under Qazlal
  8768 | D:8      | Found a radiant altar of Vehumet.
  9336 | D:9      | Found a staircase to the Lair.
  9554 | D:9      | Reached skill level 12 in Fighting
 10548 | D:10     | Entered Level 10 of the Dungeon
 10792 | D:10     | Noticed a hill giant
 10807 | D:10     | Killed a hill giant
 10807 | D:10     | Reached XP level 11. HP: 85/126 MP: 11/11
 10830 | D:10     | Reached *** piety under Qazlal
 10940 | D:10     | Reached skill level 13 in Fighting
 11329 | D:10     | Noticed a hill giant
 11344 | D:10     | Killed a hill giant
 11553 | D:11     | Noticed a six-headed hydra
 11575 | D:11     | Killed a six-headed hydra
 12255 | D:11     | Reached skill level 14 in Fighting
 12342 | D:11     | Found a staircase to the Orcish Mines.
 12509 | D:11     | Identified the Almanac of Battle Magic
 12649 | D:11     | You fall through a shaft for 3 floors!
 12814 | D:13     | Noticed a griffon
 12864 | D:13     | Noticed Maud
 12928 | D:13     | Killed Maud
 13077 | D:13     | Killed a griffon
 13093 | D:13     | Noticed a centaur warrior
 13122 | D:13     | Killed a centaur warrior
 13122 | D:13     | Reached XP level 12. HP: 50/140 MP: 12/12
 13159 | D:13     | Reached skill level 15 in Fighting
 13246 | D:13     | Noticed a centaur warrior
 13294 | D:13     | Killed a centaur warrior
 13294 | D:13     | Reached skill level 15 in Maces & Flails
 13378 | D:13     | Noticed an eight-headed hydra
 13398 | D:13     | Reached **** piety under Qazlal
 13413 | D:13     | Killed an eight-headed hydra
 13855 | D:13     | Noticed a seven-headed hydra
 13858 | D:13     | Noticed a vault guard
 13878 | D:12     | Killed a seven-headed hydra
 13954 | D:12     | Reached skill level 16 in Fighting
 15031 | Orc:1    | Entered Level 1 of the Orcish Mines
 15138 | Orc:2    | Entered Level 2 of the Orcish Mines
 15138 | Orc:2    | Found a staircase to the Elven Halls.
 15138 | Orc:2    | Noticed an orc warlord
 15501 | Lair:1   | Entered Level 1 of the Lair of Beasts
 15570 | Lair:1   | Reached ***** piety under Qazlal
 15570 | Lair:1   | Reached skill level 1 in Invocations
 15650 | Lair:1   | Noticed a four-headed hydra
 15662 | Lair:1   | Killed a four-headed hydra
 15729 | Lair:1   | Found a frozen archway.
 15758 | IceCv    | Entered an ice cave
 15776 | IceCv    | Reached skill level 17 in Fighting
 15790 | IceCv    | Reached XP level 13. HP: 141/156 MP: 15/15
 16054 | IceCv    | Identified a cursed +0 rod of shadows (13/13) (You found it on level 1 of the Lair of Beasts)
 16102 | IceCv    | Reached skill level 5 in Invocations
 16473 | IceCv    | Noticed a white draconian
 16496 | IceCv    | Killed a white draconian
 17525 | Lair:2   | Reached skill level 18 in Fighting
 18128 | Lair:2   | Noticed Fannar
 18159 | Lair:2   | Killed Fannar
 18868 | Lair:3   | Noticed Snorg
 18888 | Lair:3   | Killed Snorg
 18996 | Lair:3   | Noticed Gastronok
 19019 | Lair:3   | Killed Gastronok
 19479 | Lair:3   | Reached XP level 14. HP: 170/170 MP: 20/20
 19715 | Lair:3   | Reached skill level 5 in Dodging
 19769 | Lair:3   | Found a staircase to the Snake Pit.
 20167 | Lair:3   | Reached ****** piety under Qazlal
 20265 | Lair:3   | Upgraded the game from 0.18-a0-1035-g72c9994 to 0.18-a0-1041-gbe91bf5
 20280 | Lair:4   | Reached skill level 19 in Fighting
 20290 | Lair:4   | Noticed Urug
 20318 | Lair:4   | Killed Urug
 20769 | Lair:4   | Reached skill level 1 in Evocations
 21709 | Lair:5   | Noticed Nessos
 21733 | Lair:5   | Killed Nessos
 22540 | Lair:5   | Found a staircase to the Shoals.
 24459 | Lair:7   | Reached skill level 10 in Invocations
 24637 | Lair:7   | Reached XP level 15. HP: 68/180 MP: 22/22
 24789 | Lair:7   | Reached skill level 10 in Shields
 25704 | Orc:2    | Noticed Rupert
 25713 | Orc:2    | Killed an orc warlord
 25727 | Orc:2    | Killed Rupert
 27058 | Orc:2    | Found Raczuis's Jewellery Shoppe.
 27058 | Orc:2    | Found Kisor's General Store.
 27060 | Orc:2    | Found Nily's Weapon Boutique.
 27062 | Orc:2    | Found Hadafaeh's Magic Scroll Emporium.
 27074 | Orc:2    | Bought a scroll of brand weapon for 340 gold pieces
 27074 | Orc:2    | Bought a scroll of acquirement for 884 gold pieces
 27078 | Orc:2    | Bought the ring "Cyveddeq" {rElec rPois rC+ Dex+4} for 619 gold pieces
 27450 | Lair:8   | Entered Level 8 of the Lair of Beasts
 27523 | Lair:8   | Reached skill level 20 in Fighting
 27526 | Lair:7   | Reached skill level 5 in Evocations
 28392 | Lair:8   | HP: 8/198 [eight-headed hydra (4)]
 28392 | Lair:8   | HP: 3/198 [eight-headed hydra (4)]
 28392 | Lair:8   | Slain by an eight-headed hydra

Vault maps used:
D:1:      mrwooster_arrival_statue
D:2:      nicolae_dithmenos_shadow_blocks
D:3:      minmay_splitting_lines, supply_closet_lemuel, minmay_misc_feat_doors,
          grunt_ministairs_8
D:4:      nicolae_elemental_shop, uniq_eustachio
D:5:      first_bread, uniq_blork_the_orc
D:6:      minitemple, basic_altar, nicolae_ru_the_path_less_chosen
D:7:      uniq_menkaure, uniq_pikel, uniq_duvessa
D:8:      kennysheep_mini_moat
D:9:      grunt_lair_entry_orc_guard_hut
D:11:     orc_0_dummy
D:13:     lightli_vaults_fourway_checkpoint, uniq_maud
D:14:     fedhas_altar_2, hangedman_little_slice_of_home
Temple:   circular_temple_12
Lair:1:   portal_ice_cave_entry_imps, lab_entry_generic
Lair:2:   worms_lemuel, uniq_fannar
Lair:3:   guppyfry_snake_entry_garden, minmay_holes, lemuel_fruit_tree,
          uniq_snorg, uniq_gastronok
Lair:4:   hangedman_lair_generics_rect, uniq_urug
Lair:5:   minmay_shoals_entry_lonely_mermaid, uniq_nessos
Lair:6:   minmay_lair_venomous_thicket, beast_lair_carwin_3
Lair:7:   grunt_megastairs_5
Lair:8:   grunt_lair_end_beastmaster, slime_dummy
Orc:1:    serial_shops, shop, shop, nicolae_shop_overgrown_old_shop, shop,
          nicolae_shop_competitors_out_of_business
Orc:2:    st_orc_rangers, nicolae_volcano_entry_two_sided, mines5_lemuel,
          uniq_rupert
IceCv:    ice_cave_small_giant

Action                   |  1- 3 |  4- 6 |  7- 9 | 10-12 | 13-15 || total
-------------------------+-------+-------+-------+-------+-------++-------
Melee: Flail             |   115 |   102 |   382 |       |       ||   599
       Whip              |       |       |       |  1387 |  1394 ||  2781
       Morningstar       |       |       |       |       |   144 ||   144
Invok: Upheaval          |       |       |       |       |     4 ||     4
Evoke: Wand              |       |       |       |       |     3 ||     3
       Rod               |       |       |       |       |     1 ||     1
  Use: Potion            |       |     1 |     5 |     5 |     5 ||    16
       Scroll            |       |       |    11 |    24 |    15 ||    50
  Eat: Chunk             |     3 |     4 |    15 |    24 |    33 ||    79
       Fruit             |       |       |     1 |       |     7 ||     8
       Beef jerky        |       |       |     1 |       |       ||     1
       Royal jelly       |       |       |       |     2 |       ||     2
       Pizza             |       |       |       |       |     2 ||     2
